 Dungeon Sprint DCSS version 0.18-a0-1243-g9e52518 (webtiles) character file.

1288 nuthulu the Nimble (level 8, -1/138 HPs)
             Began as a Troll Berserker on Feb 5, 2016.
             Was a Priest of Trog.
             Slain by a centaur warrior (11 damage)
             ... in the Dungeon (Sprint I: "Red Sonja").
             The game lasted 00:01:40 (356 turns).

nuthulu the Nimble (Troll Berserker)                 Turns: 356, Time: 00:01:41

Health: -1/138     AC:  5    Str: 31    XL:     8   Next: 30%
Magic:  7/7        EV: 14    Int:  3    God:    Trog [***...]
Gold:   297        SH:  2    Dex: 11    Spells: 0 memorised, 7 levels left

rFire  . . .     SeeInvis .     k - +0 giant club
rCold  . . .     Gourm    +     a - +0 animal skin
rNeg   . . .     Faith    .     (shield currently unavailable)
rPois  .         Spirit   .     (helmet restricted)
rElec  .         Dismiss  .     (no cloak)
rCorr  .         Reflect  +     (gloves unavailable)
SustAt .         Harm     .     (boots unavailable)
MR     ++...     NoTele   +     j - +2 amulet of reflection
Stlth  ..........               (no ring)
                                (no ring)

@: berserking, regenerating, very quick, very resistant to hostile enchantments,
extremely unstealthy
A: unfitting armour, claws 3, fast metabolism 3, gourmand, regeneration 2,
shaggy fur 1, tough skin 2
a: Berserk, Trog's Hand, Burn Spellbooks, Renounce Religion


You were in the Dungeon.
You worshipped Trog.
Trog was most pleased with you.
You were full.

You visited 1 branch You collected 297 gold pieces.

Inventory:

Hand Weapons
 k - a +0 giant club (weapon)
Armour
 a - a +0 animal skin (worn)
Jewellery
 j - a +2 amulet of reflection (around neck)
Wands
 i - a wand of slowing (17/48)
Scrolls
 h - a scroll of blinking
Potions
 c - a potion of curing
 d - a potion of heal wounds
 e - a potion of haste
 f - 2 potions of magic
 g - a potion of berserk rage
 l - a potion of resistance {unknown}
Comestibles
 b - 2 bread rations


   Skills:
 + Level 9.3 Fighting
 + Level 8.5 Maces & Flails
 + Level 9.4 Dodging
 - Level 6.1 Unarmed Combat


You had 7 spell levels left.
You didn't know any spells.

Dungeon Overview and Level Annotations

Branches:
Dungeon (1/1)

Altars:
Cheibriados
Dithmenos
Elyvilon
Fedhas
Gozag
Kikubaaqudgha
Makhleb
Nemelex Xobeh
Okawaru
Pakellas
Qazlal
Ru
Sif Muna
Trog
Vehumet
Xom
Yredelemnul
Zin
The Shining One
Jiyva

Shops:
D (


Innate Abilities, Weirdness & Mutations

You are too large for most types of armour.
You have claws for hands.
Your metabolism is lightning-fast.
You like to eat raw meat.
You heal very quickly.
You are covered in fur (AC +1).
You have very tough skin (AC +2).


Message History

The centaur warrior is moderately wounded.
You feel the effects of Trog's Hand fading.
The centaur warrior unwields an uncursed shortbow.
The centaur warrior hits you.
The centaur warrior hits you but does no damage.
You hit the centaur warrior but do no damage.
The centaur warrior is moderately wounded.
The centaur warrior hits you!
* * * LOW HITPOINT WARNING * * *
The centaur warrior hits you!
* * * LOW HITPOINT WARNING * * *
You bludgeon the centaur warrior!!
The centaur warrior is almost dead.
The centaur warrior hits you!
* * * LOW HITPOINT WARNING * * *
A red film seems to cover your vision as you go berserk!
You feel yourself moving faster!
You feel mighty! The centaur warrior hits you!
* * * LOW HITPOINT WARNING * * *
The centaur warrior hits you!
You die...

###################
#<.#..'..#..@c.#__#
#..'..#..').#(.+^.+
#..#####'#####)#__# #
#..####..#...#.####§§#
#..#__####..##.#§§§§.#
#..#_.___##'#.c§≈§§.c
#⌠⌠#_.∩...'...§#§§c§§#
####_..._##_.#+##+####
#_____###+#(#


You could see a centaur warrior.

Vanquished Creatures
  A centaur warrior (D)
  A slime creature (D)
  Sigmund (D)
  A yak (D)
  An ogre (D)
  A jelly (D)
  Ijyb (D)
7 creatures vanquished.

Notes
Turn   | Place    | Note
--------------------------------------------------------------
     0 | D        | nuthulu the Troll Berserker began the quest for the Orb.
     0 | D        | Reached XP level 1. HP: 22/22 MP: 0/0
     1 | D        | Noticed Ijyb
    14 | D        | Killed Ijyb
    14 | D        | Reached skill level 4 in Unarmed Combat
    14 | D        | Reached XP level 2. HP: 28/31 MP: 1/1
    22 | D        | Noticed an ogre
    24 | D        | Killed an ogre
    24 | D        | Reached ** piety under Trog
    24 | D        | Reached skill level 5 in Fighting
    24 | D        | Reached skill level 5 in Dodging
    24 | D        | Reached skill level 6 in Unarmed Combat
    24 | D        | Reached XP level 3. HP: 37/42 MP: 2/2
    24 | D        | Reached XP level 4. HP: 44/50 MP: 3/3
    50 | D        | Noticed Sigmund
    53 | D        | Killed Sigmund
    53 | D        | Reached XP level 5. HP: 57/61 MP: 4/4
    53 | D        | Reached XP level 6. HP: 63/68 MP: 5/5
   177 | D        | Found a deep blue altar of Sif Muna.
   179 | D        | Found a radiant altar of Vehumet.
   217 | D        | Found Bapnadem's Weapon Emporium.
   217 | D        | Found a white marble altar of Elyvilon.
   217 | D        | Found a stormy altar of Qazlal.
   217 | D        | Found a burning altar of Makhleb.
   217 | D        | Found a sacrificial altar of Ru.
   217 | D        | Found an oddly glowing altar of Pakellas.
   217 | D        | Found a basalt altar of Yredelemnul.
   217 | D        | Found a glowing golden altar of the Shining One.
   217 | D        | Found a sparkling altar of Nemelex Xobeh.
   217 | D        | Found a shimmering altar of Xom.
   217 | D        | Found an opulent altar of Gozag.
   217 | D        | Found an ancient bone altar of Kikubaaqudgha.
   217 | D        | Found a glowing silver altar of Zin.
   217 | D        | Noticed a yak
   220 | D        | Killed a yak
   220 | D        | Reached skill level 7 in Fighting
   220 | D        | Reached skill level 5 in Maces & Flails
   221 | D        | Found an iron altar of Okawaru.
   222 | D        | Found a bloodstained altar of Trog.
   259 | D        | Found a viscous altar of Jiyva.
   259 | D        | Found a blossoming altar of Fedhas.
   259 | D        | Noticed a slime creature
   260 | D        | Found a snail-covered altar of Cheibriados.
   260 | D        | Found a shadowy altar of Dithmenos.
   268 | D        | Killed a slime creature
   268 | D        | Reached *** piety under Trog
   268 | D        | Reached skill level 8 in Fighting
   268 | D        | Reached XP level 7. HP: 27/80 MP: 6/6
   332 | D        | Noticed a centaur warrior
   332 | D        | Noticed a centaur warrior
   347 | D        | Killed a centaur warrior
   347 | D        | Reached skill level 9 in Fighting
   347 | D        | Reached XP level 8. HP: 41/92 MP: 7/7
   356 | D        | Slain by a centaur warrior

Vault maps used:
D:        dungeon_sprint_1

Action                   |  1- 3 |  4- 6 |  7- 9 || total
-------------------------+-------+-------+-------++-------
Melee: Unarmed           |     9 |       |       ||     9
       Giant club        |       |    15 |    11 ||    26
Invok: Trog's Hand       |       |     2 |     1 ||     3
       Berserk           |       |       |     1 ||     1
  Eat: Chunk             |       |     7 |       ||     7
